 Dungeon Crawl Stone Soup version 0.30-a0-778-g2ef04afb54 (webtiles) character file.

Game seed: 9704948579154917633

1005 browni3141 the Trooper (level 8, -1/70 HPs)
             Began as a Hill Orc Gladiator on Feb 17, 2023.
             Killed from afar by an orc (7 damage)
             ... with an iceblast
             ... on level 5 of the Dungeon.
             The game lasted 00:04:51 (3827 turns).

browni3141 the Trooper (Hill Orc Gladiator)         Turns: 3827, Time: 00:04:51

Health: -1/70      AC: 12    Str: 19    XL:     8   Next: 20%
Magic:  8/8        EV: 10    Int:  8    God:
Gold:   241        SH:  0    Dex: 12    Spells: 7/7 levels left

rFire   . . .      SeeInvis .    e - +2 whip (elec)
rCold   . . .      Faith    .    (no shield)
rNeg    . . .      Spirit   .    p - +0 scale mail
rPois   .          Reflect  .    k - +2 hat
rElec   .          Harm     .    B - +0 cloak
rCorr   .          Rampage  .    (no gloves)
Will    .....                    o - +1 pair of boots Stlth
                                 (no amulet)
HPRegen 0.31/turn                (no ring)
MPRegen 0.11/turn                (no ring)

@: brilliant, on berserk cooldown, slowed, very slow
A: no striking features
a: no special abilities


You were on level 5 of the Dungeon.
You visited 1 branch of the dungeon, and saw 5 of its levels.

You collected 241 gold pieces.

Inventory:

Hand Weapons
 a - a +0 flail
 e - a +2 whip of electrocution (weapon)
Missiles
 d - 3 throwing nets
 f - a javelin
 h - 28 stones
 u - 2 boomerangs
 v - 3 poisoned darts (quivered)
Armour
 b - a +0 leather armour
 c - a +0 helmet
 k - a +2 hat (worn)
 o - a +1 pair of boots (worn)
 p - a +0 scale mail (worn)
 B - a +0 cloak (worn)
Jewellery
 r - a ring of magical power
Wands
 q - a wand of iceblast (7)
Scrolls
 i - a scroll of poison {unknown}
 j - 3 scrolls of immolation {unknown}
 l - a scroll of silence {unknown}
 m - 4 scrolls of identify {unknown}
 n - 2 scrolls of torment {unknown}
 s - a scroll of teleportation {unknown}
 t - a scroll of fear {unknown}
 w - 2 scrolls of vulnerability {unknown}
 x - a scroll of amnesia {unknown}
 y - 2 scrolls of enchant weapon {unknown}
Potions
 g - 3 potions of brilliance
 z - a potion of flight {unknown}
 A - 2 potions of berserk rage


   Skills:
 * Level 6.0 Fighting
 - Level 3.2 Maces & Flails
 * Level 3.8 Throwing
 * Level 3.4 Armour
 + Level 2.9 Dodging
 - Level 2.0 Stealth
 - Level 5.0 Evocations


You had 7 spell levels left.
You didn't know any spells.
Your spell library contained the following spells:

 Spells                   Type           Power      Damage    Failure   Level
 Magic Dart               Conj           0%         1d3       77%         1
 Scorch                   Fire           0%         2d5       88%         2
 Searing Ray              Conj           0%         2d4       88%         2
 Flame Wave               Conj/Fire      0%         2d4       100%        4
 Fulminant Prism          Conj/Hex       0%         3d5       100%        4
 Summon Cactus Giant      Summ           0%         N/A       100%        6


Dungeon Overview and Level Annotations

Branches:
Dungeon (5/15)
 Temple: D:4-7

Altars:
Hepliaklqana
Zin


Message History

Okay, then.
Okay, then.
Unknown command.
You barely miss the orc priest.
The iguana hisses menacingly.
The iguana closely misses you.
The orc priest hits you but does no damage.
It was a potion of brilliance.
You feel clever all of a sudden.
The iguana bites you but does no damage.
The orc priest closely misses you.
It was a potion of berserk rage.
A red film seems to cover your vision as you go berserk!
You feel yourself moving faster!
You feel mighty!
The iguana bites you but does no damage.
The orc priest hits you but does no damage.
You hit the orc priest but do no damage.
Lightning courses through the orc priest!!
You kill the orc priest!
Your Fighting skill increases to level 6!
You whack the iguana!
The iguana is severely wounded.
The iguana bites you but does no damage.
You barely miss the iguana.
The iguana is severely wounded.
You hit the iguana.
The iguana is almost dead.
The iguana bites you but does no damage.
You hit the iguana.
You kill the iguana!
You feel a strong urge to attack something.
Things that are here:
a +0 club; an orb of wrath An orc comes into view.
It is wielding a +0 mace and carrying a wand of iceblast (12).
You feel your anger nearly subside.
You are no longer berserk.
You are exhausted.
You feel yourself slow down.
The orc shouts!
The orc zaps a wand.
The mass of ice explodes!
The iceblast engulfs you!
You die...

##............. .
##..........##.....
#...##......<.....#
##................## .
##.................# ## ..
#.......##.........# ..#..♣
##.......#.....###.##..'..8
##......#..........†..#
##...##..)..@....)o.)..#
#............†........##
##..####.#####....)...#
##.# ### ##.......# ###
##......# #.......#
........# .##.....## ###


You could see an orc.

Vanquished Creatures
  An ice beast (D:4)
  A black bear (D:5)
  A centaur (D:5)
  A phantom (D:5)
  A scorpion (D:5)
  A jelly (D:5)
  A gnoll bouda (D:5)
  3 orc priests
  Ijyb (D:3)
  3 iguanas
  4 orc wizards
  7 adders
  9 gnolls
  2 dart slugs
  11 orcs
  8 ball pythons
  2 bats
  5 endoplasms
  6 giant cockroaches
  10 goblins
  14 hobgoblins
  8 kobolds
  4 quokkas
  6 frilled lizards
  3 rats
113 creatures vanquished.

Notes
Turn   | Place    | Note
-------+----------+-------------------------------------------
     0 | D:1      | browni3141 the Hill Orc Gladiator began the quest for the
                  | Orb.
     0 | D:1      | Reached XP level 1. HP: 18/18 MP: 1/1
    77 | D:1      | Reached XP level 2. HP: 9/25 MP: 2/2
   279 | D:1      | Reached skill level 1 in Armour
   347 | D:1      | Reached XP level 3. HP: 20/30 MP: 3/3
   359 | D:1      | Reached skill level 1 in Stealth
   365 | D:1      | Reached skill level 3 in Fighting
  1012 | D:2      | Reached XP level 4. HP: 32/38 MP: 4/4
  1568 | D:3      | Found a glowing silver altar of Zin.
  1569 | D:3      | Noticed Ijyb
  1586 | D:3      | Killed Ijyb
  1710 | D:3      | Found a faded altar of an unknown god.
  1779 | D:3      | Reached XP level 5. HP: 39/46 MP: 5/5
  1784 | D:3      | Reached skill level 4 in Fighting
  1784 | D:3      | Reached skill level 1 in Evocations
  1965 | D:3      | Found a hazy altar of Hepliaklqana.
  2424 | D:4      | Reached XP level 6. HP: 38/53 MP: 6/6
  2776 | D:4      | Reached skill level 5 in Fighting
  3203 | D:5      | Entered Level 5 of the Dungeon
  3333 | D:4      | Reached XP level 7. HP: 47/61 MP: 7/7
  3471 | D:5      | Reached skill level 5 in Evocations
  3709 | D:5      | Reached XP level 8. HP: 62/70 MP: 8/8
  3812 | D:5      | HP: 2/70 [iguana (10)]
  3817 | D:5      | Reached skill level 6 in Fighting
  3827 | D:5      | Killed from afar by an orc

Illustrated notes

Levels and vault maps discovered:
D:1:      giann_bridges, layout_rooms
D:2:      layout_basic
D:3:      layout_loops_ring, nicolae_hepliaklqana_hazy_memory, zin_academy,
          ebering_ecumenical_altar_webs, nicolae_elevator_lobby_plus, uniq_ijyb
D:4:      layout_loops_ring
D:5:      minmay_spotlight, layout_cave_pools, lemuel_round_altar,
          okawaru_ov_weapons_minmay, nicolae_tso_swordbearing_angel,
          kennysheep_generic_room_11

Skill      XL: |  1  2  3  4  5  6  7  8 |
---------------+-------------------------+-----
Throwing       | 2 3 |  3.8
Armour         | 1 2 3 |  3.4
Stealth        | 1 2 |  2.0
Fighting       | 3 4 5 6 |  6.0
Evocations     | 1 3 5 |  5.0
Maces & Flails | |  3.2
Dodging        | |  2.9

Action                     |  1- 3 |  4- 6 |  7- 9 || total
---------------------------+-------+-------+-------++-------
  Melee: Flail             |    23 |       |       ||    23
         Whip              |    79 |   180 |    79 ||   338
         Punch             |     1 |       |     1 ||     2
  Throw: Javelin           |     1 |     1 |       ||     2
         Stone             |     2 |       |       ||     2
         Throwing net      |     2 |       |       ||     2
         Dart              |       |       |     1 ||     1
  Evoke: Wand              |       |     2 |       ||     2
    Use: Potion            |       |       |     2 ||     2
 Armour: Leather armour    |    26 |     2 |       ||    28
         Scale mail        |       |    91 |    55 ||   146
  Dodge: Dodged            |    77 |    84 |    49 ||   210

Table legend: (Time is in decaauts)
 A = Elapsed time spent in this place.
 B = Non-inter-level travel time spent in this place.
 C = Inter-level travel time spent in this place.
 D = Time resting spent in this place.
 E = Time spent auto-exploring this place.
 F = Levels seen in this place.
 G = Mean time per level.
                   A        B        C        D        E       F      G
               +--------+--------+--------+--------+--------+-----+--------+
         Total |   3813 |   3568 |    245 |    198 |   2532 |   5 |  762.6 |
       Dungeon |   3813 |   3568 |    245 |    198 |   2532 |   5 |  762.6 |
               +--------+--------+--------+--------+--------+-----+--------+

Top non-repeatable levels by time:
     D:4: 1013 daAuts
     D:2: 878 daAuts
     D:3: 852 daAuts
     D:1: 682 daAuts
     D:5: 386 daAuts
